 Dungeon Crawl Stone Soup version 0.30-a0-56-ge6a4009bfd (webtiles) character file.

Game seed: 17182701905302299545

49 MrFrogsmire the Caller (level 4, -2/35 HPs)
             Began as a Meteoran Wanderer on Sept 11, 2022.
             Slain by a gnoll
             ... wielding a +0 club
              (6 damage)
             ... on level 4 of the Dungeon.
             The game lasted 00:09:06 (1196 turns).

MrFrogsmire the Caller (Meteoran Wanderer)          Turns: 1196, Time: 00:09:07

Health: -2/35      AC:  2    Str: 14    XL:     4   Next: 20%
Magic:  9/9        EV:  9    Int: 15    God:
Gold:   75         SH:  0    Dex: 13    Spells: 0/9 levels left

rFire   . . .      SeeInvis .    a - +0 club
rCold   . . .      Faith    .    (no shield)
rNeg    . . .      Spirit   .    c - +0 robe
rPois   .          Reflect  .    (no helmet)
rElec   .          Harm     .    (no cloak)
rCorr   .          Rampage  .    (no gloves)
Will    .....                    (no boots)
Stlth   +.........               (no amulet)
HPRegen 0.11/turn                f - ring of flight
MPRegen 0.11/turn                (no ring)

@: flying, glowing, constricted
A: sense surroundings 1, otherworldly, glowing, explore regen
a: no special abilities


You were on level 4 of the Dungeon.
You visited 1 branch of the dungeon, and saw 4 of its levels.

You collected 75 gold pieces.

Inventory:

Hand Weapons
 a - a +0 club (weapon)
Armour
 c - a +0 robe (worn)
Jewellery
 f - a ring of flight (left hand)
Scrolls
 e - 3 scrolls of magic mapping {unknown}
 g - 3 scrolls of fear {unknown}
 h - a scroll of poison {unknown}
 j - a scroll of identify {unknown}
Potions
 b - a potion of heal wounds
 d - 2 potions of degeneration {unknown}
 i - 2 potions of curing {unknown}


   Skills:
 + Level 1.4 Fighting
 + Level 0.5 Maces & Flails
 + Level 1.2 Dodging
 + Level 1.0 Stealth
 + Level 3.2 Spellcasting
 + Level 4.5 Summonings
 + Level 1.5 Transmutations
 + Level 1.4 Poison Magic
 + Level 1.2 Evocations


You couldn't memorise any spells.
You knew the following spells:

 Your Spells              Type           Power      Damage    Failure   Level
a - Summon Small Mammal   Summ           64%        N/A       3%          1
b - Sting                 Tmut/Pois      24%        1d4       11%         1
c - Summon Guardian Gole  Hex/Summ       9%         N/A       22%         3
d - Summon Lightning Spi  Summ/Air       9%         N/A       58%         4

Your spell library contained the following spells:

 Spells                   Type           Power      Damage    Failure   Level
 Spider Form              Tmut/Pois      6%         N/A       32%         3
 Gell's Gravitas          Tloc           2%         N/A       52%         3
 Teleport Other           Tloc           2%         N/A       52%         3
 Dispersal                Tloc           1%         N/A       100%        6


Dungeon Overview and Level Annotations

Branches:
Dungeon (4/15) Zot: 1188
 Temple: D:4-7

Altars:

Annotations:
D:4 Edmund


Innate Abilities, Weirdness & Mutations

You passively map a small area around you.
You are easily found by Zot.
You glow in the dark.
You regain HP and MP as you explore.


Message History

The giant cockroach closely misses you. The ball python bites your rat.
Your rat dies!
Your rat's corpse disappears in a puff of smoke!
Edmund the Younger comes into view.
He is wielding a +1 flail of holy wrath.
The ball python hisses angrily.
You swap places.
Your bat barely misses the giant cockroach.
The giant cockroach barely misses your bat.
The gnoll misses you.
You hit the gnoll but do no damage.
Your bat hits the giant cockroach but does no damage.
The giant cockroach bites you but does no damage.
The ball python bites you but does no damage.
The ball python grabs you. The ball python constricts you.
You barely miss the gnoll.
Your bat hits the gnoll but does no damage.
Your bat barely misses the giant cockroach.
The giant cockroach bites you. The gnoll hits you with a +0 club. x2
The ball python closely misses you. The ball python constricts you.
The giant cockroach bites you but does no damage.
You hit the gnoll.
The gnoll is lightly wounded.
Your bat barely misses the giant cockroach.
Your bat hits the giant cockroach but does no damage.
The ball python bites you. The ball python constricts you.
The gnoll hits you with a +0 club. x2
The giant cockroach bites you but does no damage.
The ball python bites you. The ball python constricts you.
You hit the gnoll.
The gnoll is moderately wounded.
Your bat hits the giant cockroach. The giant cockroach barely misses you.
The gnoll hits you from afar with a +0 spear.
* * * LOW HITPOINT WARNING * * *
The gnoll completely misses you. The gnoll closely misses you.
The ball python bites you.
* * * LOW HITPOINT WARNING * * *
The ball python constricts you.
* * * LOW HITPOINT WARNING * * *
The giant cockroach barely misses you. The gnoll hits you with a +0 club.
You die...

############
#..........#
#..........#
#..........# *
*#..........#
.##..b.......#
* ,
./...........#
#....@g....##
*
#...SBgg...)#
#....K.@.....
#.?..<.....##
, #########..#
#... * , ... ,
* #. , ,,


You could see Edmund, 3 gnolls, a giant cockroach (ally target), a ball python,
a kobold and a friendly bat (summoned).

Vanquished Creatures
  2 adders (D:2)
  An endoplasm (D:1)
  2 giant cockroaches (D:1)
  2 hobgoblins
  3 kobolds
  2 quokkas
  A ball python (D:2)
  A bat (D:2)
  4 frilled lizards
  5 rats
23 creatures vanquished.

Vanquished Creatures (collateral kills)
  A worm (D:2)
  A giant cockroach (D:2)
  2 goblins (D:2)
  A hobgoblin (D:2)
  A frilled lizard (D:2)
6 creatures vanquished.

Vanquished Creatures (others)
  3 plants (D:2)
3 creatures vanquished.

Grand Total: 32 creatures vanquished

Notes
Turn   | Place    | Note
-------+----------+-------------------------------------------
     0 | D:1      | MrFrogsmire the Meteoran Wanderer began the quest for the
                  | Orb.
     0 | D:1      | MrFrogsmire set off with the following items: a +0 club, a
                  | potion of heal wounds, a +0 robe, a wand of flame (3); and
                  | the following spells available to memorise: Summon Small
                  | Mammal, Sting, Summon Guardian Golem, Spider Form, Summon
                  | Lightning Spire.
     0 | D:1      | Reached XP level 1. HP: 16/16 MP: 5/5
     2 | D:1      | Learned a level 1 spell: Summon Small Mammal
     4 | D:1      | Learned a level 1 spell: Sting
    71 | D:1      | Reached skill level 4 in Summonings
    71 | D:1      | Reached XP level 2. HP: 5/23 MP: 6/6
   494 | D:1      | Glimpsed the power of Zot.
   544 | D:1      | Glimpsed the power of Zot.
   572 | D:2      | Reached XP level 3. HP: 28/28 MP: 1/8
   663 | D:2      | Reached skill level 1 in Transmutations
  1010 | D:2      | Reached XP level 4. HP: 5/35 MP: 9/9
  1021 | D:2      | Learned a level 3 spell: Summon Guardian Golem
  1026 | D:2      | Learned a level 4 spell: Summon Lightning Spire
  1086 | D:2      | Glimpsed the power of Zot.
  1191 | D:4      | Noticed Edmund
  1196 | D:4      | Slain by a gnoll

Illustrated notes

Levels and vault maps discovered:
D:1:      minmay_arrival_four_houses, layout_basic, minmay_distorted
D:2:      layout_loops_ring, shapermc_ecumenical_altar_ellora,
          minmay_misc_feat_tiny, grunt_ministairs_14, guppyfry_early_lair_pool
D:3:      minmay_recursive_quarters, layout_loops_corners
D:4:      layout_rooms, mainiacjoe_overflow_swirl,
          minmay_temple_entry_gardened_gates, uniq_menkaure, uniq_edmund

Skill      XL: |  1  2  3 |
---------------+----------+-----
Summonings     | 4 |  4.5
Transmutations | 1 |  1.5
Spellcasting   | 3 |  3.2
Fighting       | |  1.4
Maces & Flails | |  0.5
Dodging        | |  1.2
Stealth        | |  1.0
Poison Magic   | |  1.4
Evocations     | |  1.2

Action                   |  1- 3 |  4- 6 || total
-------------------------+-------+-------++-------
Melee: Club              |    49 |     8 ||    57
 Cast: Summon Small Mamm |    14 |     5 ||    19
       Sting             |    18 |       ||    18
Evoke: Wand              |     3 |       ||     3
Armor: Robe              |    18 |     6 ||    24
Dodge: Dodged            |    26 |    11 ||    37

Table legend: (Time is in decaauts)
 A = Elapsed time spent in this place.
 B = Non-inter-level travel time spent in this place.
 C = Inter-level travel time spent in this place.
 D = Time resting spent in this place.
 E = Time spent auto-exploring this place.
 F = Levels seen in this place.
 G = Mean time per level.
                   A        B        C        D        E       F      G
               +--------+--------+--------+--------+--------+-----+--------+
         Total |   1210 |    714 |    496 |      0 |      0 |   4 |  302.5 |
       Dungeon |   1210 |    714 |    496 |      0 |      0 |   4 |  302.5 |
               +--------+--------+--------+--------+--------+-----+--------+

Top non-repeatable levels by time:
     D:2: 579 daAuts
     D:1: 561 daAuts
     D:3: 60 daAuts
     D:4: 9 daAuts
